3L
WIZARDING EXPRESS @ CHARLESTON BATTERY
08/19/2034
 
TOP OF THE 1ST
Wizarding Express batting - Pitching for Charleston Battery : LHP Carlos Medina
Pitching: LHP Carlos Medina
Batting: LHB Jesús Lazcano 0-0: Ball
1-0: Ground out 3-1 (Groundball, 34)
Batting: RHB Ralph Cranford 0-0: Called Strike
0-1: Called Strike
0-2: Ball
1-2: Foul Ball, location: 2F
1-2: Strikes out looking
Batting: RHB Robinson Barquero 0-0: Ball
1-0: Called Strike
1-1: Called Strike
1-2: Ball
2-2: Ground out 5-3 (Groundball, 56)
Top of the 1st over - 0 runs, 0 hits, 0 errors, 0 left on base; Wizarding 0 - Charleston 0
BOTTOM OF THE 1ST
Charleston Battery batting - Pitching for Wizarding Express : LHP Gary Barber
Pitching: LHP Gary Barber
Batting: LHB Joey Coco 0-0: Swinging Strike
0-1: Ball
1-1: DOUBLE (Line Drive, 8RD)
Batting: RHB Mike Case 0-0: Ball
1-0: Ball
2-0: Ball
3-0: Called Strike
3-1: Ground out 3-1 (Groundball, 34)
Joey Coco to third
Batting: SHB Jasper Morrison 0-0: Fly out, F8 (Flyball, 8RM)
Runner from 3rd tags up, SCORES, throw made
Batting: LHB Spencer Powell 0-0: Foul Ball, location: 2F
0-1: Ball
1-1: Swinging Strike
1-2: Ball
2-2: Strikes out looking
Bottom of the 1st over - 1 run, 1 hit, 0 errors, 0 left on base; Wizarding 0 - Charleston 1
TOP OF THE 2ND
Wizarding Express batting - Pitching for Charleston Battery : LHP Carlos Medina
Batting: LHB Jin-yong Myung 0-0: Called Strike
0-1: Called Strike
0-2: Ball
1-2: Strikes out swinging
Batting: LHB Adrian McCoy 0-0: Ball
1-0: Ball
2-0: Called Strike
2-1: Foul Ball, location: 2F
2-2: Foul Ball, location: 2F
2-2: Ball
3-2: Foul Ball, location: 2F
3-2: Strikes out swinging
Batting: RHB Louis Gibbons 0-0: Called Strike
0-1: Called Strike
0-2: Foul Ball, location: 2F
0-2: Ground out 3-1 (Groundball, 34S)
Top of the 2nd over - 0 runs, 0 hits, 0 errors, 0 left on base; Wizarding 0 - Charleston 1
BOTTOM OF THE 2ND
Charleston Battery batting - Pitching for Wizarding Express : LHP Gary Barber
Batting: RHB Fernando Rivera 0-0: SINGLE (Flyball, 78M)
Batting: SHB Aurelio Jiménez 0-0: Ground out 3-1 (Groundball, 34S)
Fernando Rivera to second
Batting: LHB Datu Lesaca 0-0: Ball
1-0: Foul Ball, location: 2F
1-1: Fly out, F8 (Flyball, 89XD)
Runner from 2nd tags up, SAFE at 3rd, no throw
Batting: RHB Jesús Ruano 0-0: Foul Ball, location: 2F
0-1: Foul Ball, location: 2F
0-2: Foul Ball, location: 2F
0-2: Ball
1-2: Strikes out swinging
Bottom of the 2nd over - 0 runs, 1 hit, 0 errors, 1 left on base; Wizarding 0 - Charleston 1
TOP OF THE 3RD
Wizarding Express batting - Pitching for Charleston Battery : LHP Carlos Medina
Batting: RHB Taylor Landis 0-0: Ball
1-0: Called Strike
1-1: Ball
2-1: Foul Ball, location: 2F
2-2: Foul Ball, location: 2F
2-2: Ground out 5-3 (Groundball, 56)
Batting: LHB António Boccanegra 0-0: Called Strike
0-1: Swinging Strike
0-2: Foul Ball, location: 2F
0-2: Strikes out swinging
Batting: RHB Panas Pletnev 0-0: Ground out 5-3 (Groundball, 56)
Top of the 3rd over - 0 runs, 0 hits, 0 errors, 0 left on base; Wizarding 0 - Charleston 1
BOTTOM OF THE 3RD
Charleston Battery batting - Pitching for Wizarding Express : LHP Gary Barber
Batting: RHB Luis Ríos 0-0: Ball
1-0: Ball
2-0: Foul Ball, location: 2F
2-1: Fly out, F3 (Popup, 3L)
Batting: LHB Joey Coco 0-0: Called Strike
0-1: Ball
1-1: Ball
2-1: Ball
3-1: DOUBLE (Flyball, 89XD)
Batting: RHB Mike Case 0-0: Swinging Strike
0-1: Ball
1-1: Called Strike
1-2: Ground out U3 (Groundball, 3)
Joey Coco to third
Batting: SHB Jasper Morrison 0-0: Ball
1-0: Ball
2-0: Ball
3-0: Called Strike
3-1: Swinging Strike
3-2: Base on Balls
Batting: LHB Spencer Powell 0-0: Called Strike
0-1: Called Strike
0-2: Strikes out looking
Bottom of the 3rd over - 0 runs, 1 hit, 0 errors, 2 left on base; Wizarding 0 - Charleston 1
TOP OF THE 4TH
Wizarding Express batting - Pitching for Charleston Battery : LHP Carlos Medina
Batting: LHB Jesús Lazcano 0-0: Foul Ball, location: 2F
0-1: DOUBLE (Flyball, 89XD)
Batting: RHB Ralph Cranford 0-0: Swinging Strike
0-1: Called Strike
0-2: Strikes out swinging
Batting: RHB Robinson Barquero 0-0: Ball
1-0: Ground out 3-1 (Groundball, 34)
Jesús Lazcano to third
Batting: LHB Jin-yong Myung 0-0: Foul Ball, location: 2F
0-1: Ball
1-1: Ball
2-1: Called Strike
2-2: DOUBLE (Line Drive, 9D)
Jesús Lazcano scores
Batting: LHB Adrian McCoy 0-0: Ball
1-0: Ball
2-0: Foul Ball, location: 2F
2-1: Swinging Strike
2-2: Foul Ball, location: 2F
2-2: Ball
3-2: Foul Ball, location: 2F
3-2: Fly out, F1 (Line Drive, 13)
Top of the 4th over - 1 run, 2 hits, 0 errors, 1 left on base; Wizarding 1 - Charleston 1
BOTTOM OF THE 4TH
Charleston Battery batting - Pitching for Wizarding Express : LHP Gary Barber
Batting: RHB Fernando Rivera 0-0: Called Strike
0-1: Ball
1-1: Swinging Strike
1-2: Ball
2-2: Ball
3-2: SINGLE (Groundball, 6D)
Batting: SHB Aurelio Jiménez 0-0: SINGLE (Groundball, 56D)
Fernando Rivera to second
Batting: LHB Datu Lesaca 0-0: Called Strike
0-1: Foul Ball, location: 2F
0-2: Foul Ball, location: 2F
0-2: Foul Ball, location: 2F
0-2: Ball
1-2: Foul Ball, location: 2F
1-2: Foul Ball, location: 2F
1-2: Ball
2-2: Foul Ball, location: 2F
2-2: Ball
3-2: Strikes out swinging
Batting: RHB Jesús Ruano 0-0: Called Strike
0-1: Ball
1-1: Ball
2-1: Grounds into double play, 5-4-3 (Groundball, 56)
Bottom of the 4th over - 0 runs, 2 hits, 0 errors, 1 left on base; Wizarding 1 - Charleston 1
TOP OF THE 5TH
Wizarding Express batting - Pitching for Charleston Battery : LHP Carlos Medina
Batting: RHB Louis Gibbons 0-0: Ball
1-0: Called Strike
1-1: Foul Ball, location: 2F
1-2: Ball
2-2: Strikes out swinging
Batting: RHB Taylor Landis 0-0: Ball
1-0: Ball
2-0: Swinging Strike
2-1: Called Strike
2-2: Foul Ball, location: 2F
2-2: Foul Ball, location: 2F
2-2: Foul Ball, location: 2F
2-2: Ball
3-2: Strikes out swinging
Batting: LHB António Boccanegra 0-0: Swinging Strike
0-1: Ball
1-1: Foul Ball, location: 2F
1-2: Ball
2-2: Strikes out swinging
Top of the 5th over - 0 runs, 0 hits, 0 errors, 0 left on base; Wizarding 1 - Charleston 1
BOTTOM OF THE 5TH
Charleston Battery batting - Pitching for Wizarding Express : LHP Gary Barber
Batting: RHB Luis Ríos 0-0: Called Strike
0-1: Ball
1-1: Foul Ball, location: 2F
1-2: Ball
2-2: Fly out, F9 (Flyball, 9LS)
Batting: LHB Joey Coco 0-0: Called Strike
0-1: Ball
1-1: Ball
2-1: Ground out 4-3 (Groundball, 4)
Batting: RHB Mike Case 0-0: Ball
1-0: Ball
2-0: Ball
3-0: Swinging Strike
3-1: Swinging Strike
3-2: Strikes out swinging
Bottom of the 5th over - 0 runs, 0 hits, 0 errors, 0 left on base; Wizarding 1 - Charleston 1
TOP OF THE 6TH
Wizarding Express batting - Pitching for Charleston Battery : LHP Carlos Medina
Batting: RHB Panas Pletnev 0-0: Ball
1-0: Ball
2-0: Called Strike
2-1: Ball
3-1: Foul Ball, location: 2F
3-2: Ground out 5-3 (Groundball, 5)
Batting: LHB Jesús Lazcano 0-0: Ball
1-0: Called Strike
1-1: Ball
2-1: Ground out U3 (Groundball, 3L)
Batting: RHB Ralph Cranford 0-0: Ball
1-0: Called Strike
1-1: Ball
2-1: Ball
3-1: Fly out, F7 (Flyball, 78S)
Top of the 6th over - 0 runs, 0 hits, 0 errors, 0 left on base; Wizarding 1 - Charleston 1
BOTTOM OF THE 6TH
Charleston Battery batting - Pitching for Wizarding Express : LHP Gary Barber
Batting: SHB Jasper Morrison 0-0: Ball
1-0: Ball
2-0: Fly out, F8 (Flyball, 8RS)
Batting: LHB Spencer Powell 0-0: Fly out, F7 (Flyball, 7LM)
Batting: RHB Fernando Rivera 0-0: Ball
1-0: Foul Ball, location: 2F
1-1: Called Strike
1-2: Ball
2-2: Ball
3-2: SINGLE (Line Drive, 7S)
Pitching: RHP Carlos Salcido
Batting: SHB Aurelio Jiménez 0-0: Called Strike
0-1: Ball
1-1: Ball
2-1: SINGLE (Groundball, 4MD)
Fernando Rivera to second
Batting: LHB Datu Lesaca 0-0: Ball
1-0: SINGLE (Line Drive, 8RS)
Fernando Rivera to third
Aurelio Jiménez to second
Runner from 3rd tries for Home, SAFE, no throw
Batting: RHB Jesús Ruano 0-0: SINGLE (Groundball, 56D)
Aurelio Jiménez to third
Datu Lesaca to second
Runner from 3rd tries for Home, SAFE, no throw
Batting: RHB Luis Ríos 0-0: Foul Ball, location: 2F
0-1: Ball
1-1: SINGLE (Flyball, 8RS)
Datu Lesaca to third
Jesús Ruano to second
Runner from 3rd tries for Home, SAFE, no throw
Batting: LHB Joey Coco 0-0: Fly out, F7 (Flyball, 7LS)
Bottom of the 6th over - 3 runs, 5 hits, 0 errors, 2 left on base; Wizarding 1 - Charleston 4
TOP OF THE 7TH
Wizarding Express batting - Pitching for Charleston Battery : LHP Carlos Medina
Pitching: RHP Marcos Oquendo
Batting: RHB Robinson Barquero 0-0: Single, Error in OF, E7, batter to second base
Batting: LHB Jin-yong Myung 0-0: Called Strike
0-1: Ball
1-1: Swinging Strike
1-2: Strikes out looking
Batting: LHB Adrian McCoy 0-0: Ball
1-0: Foul Ball, location: 2F
1-1: Ball
2-1: Fly out, F9 (Flyball, 89M)
Now in RF: Loren Stallings
Batting: RHB Louis Gibbons 0-0: Ball
1-0: Ball
2-0: Called Strike
2-1: Foul Ball, location: 2F
2-2: Foul Ball, location: 2F
2-2: Ball
3-2: Strikes out swinging
Top of the 7th over - 0 runs, 1 hit, 1 error, 1 left on base; Wizarding 1 - Charleston 4
BOTTOM OF THE 7TH
Charleston Battery batting - Pitching for Wizarding Express : RHP Carlos Salcido
Batting: RHB Mike Case 0-0: Ball
1-0: Called Strike
1-1: Ball
2-1: Ball
3-1: Swinging Strike
3-2: Strikes out swinging
Batting: RHB Loren Stallings 0-0: Foul Ball, location: 2F
0-1: Ball
1-1: Foul Ball, location: 2F
1-2: Strikes out swinging
Batting: LHB Spencer Powell 0-0: Called Strike
0-1: TRIPLE (Flyball, 9LD)
Batting: RHB Fernando Rivera 0-0: Ball
1-0: Ball
2-0: Called Strike
2-1: Fly out, F7 (Flyball, 7S)
Bottom of the 7th over - 0 runs, 1 hit, 0 errors, 1 left on base; Wizarding 1 - Charleston 4
TOP OF THE 8TH
Wizarding Express batting - Pitching for Charleston Battery : RHP Marcos Oquendo
Pitching: RHP Jon King
Batting: RHB Taylor Landis 0-0: Called Strike
0-1: Ground out 4-3 (Groundball, 4)
Batting: LHB António Boccanegra 0-0: Foul Ball, location: 2F
0-1: Ball
1-1: Ball
2-1: Ball
3-1: Base on Balls
Batting: RHB Panas Pletnev 0-0: Foul Ball, location: 2F
0-1: Foul Ball, location: 2F
0-2: Foul Ball, location: 2F
0-2: Ball
1-2: Fly out, F6 (Line Drive, 6)
Batting: LHB Jesús Lazcano 0-0: Ball
1-0: Fly out, F9 (Flyball, 9)
Top of the 8th over - 0 runs, 0 hits, 0 errors, 1 left on base; Wizarding 1 - Charleston 4
BOTTOM OF THE 8TH
Charleston Battery batting - Pitching for Wizarding Express : RHP Carlos Salcido
Batting: SHB Aurelio Jiménez 0-0: Ball
1-0: Fly out, F8 (Flyball, 8LXD)
Batting: LHB Datu Lesaca 0-0: Ball
1-0: Ball
2-0: Foul Ball, location: 2F
2-1: Foul Ball, location: 2F
2-2: Foul Ball, location: 2F
2-2: Ball
3-2: Base on Balls
Batting: RHB Jesús Ruano 0-0: Ball
1-0: Called Strike
1-1: Called Strike
1-2: Strikes out swinging
Batting: RHB Luis Ríos 0-0: Called Strike
0-1: Swinging Strike
0-2: Ball
Datu Lesaca is caught stealing 2nd base
Bottom of the 8th over - 0 runs, 0 hits, 0 errors, 0 left on base; Wizarding 1 - Charleston 4
TOP OF THE 9TH
Wizarding Express batting - Pitching for Charleston Battery : RHP Jon King
Batting: RHB Ralph Cranford 0-0: Ground out 2-3 (Groundball, 2L)
Batting: RHB Robinson Barquero 0-0: Called Strike
0-1: Ball
1-1: Called Strike
1-2: Ball
2-2: Foul Ball, location: 2F
2-2: Ball
3-2: Foul Ball, location: 2F
3-2: Base on Balls
Batting: LHB Jin-yong Myung 0-0: Ball
1-0: Ball
2-0: Ball
3-0: Called Strike
3-1: Called Strike
3-2: Fly out, F3 (Popup, 34S)
Pitching: RHP Tsugahara Hori
Batting: LHB Adrian McCoy 0-0: Ball
1-0: Ball
2-0: Foul Ball, location: 2F
2-1: Fly out, F6 (Popup, 6MS)
Top of the 9th over - 0 runs, 0 hits, 0 errors, 1 left on base; Wizarding 1 - Charleston 4
Friday, March 29th, 2019 - OOTP Baseball 18.8 Build 76